Schmensch, lawful female human Priestess | ---------------------- |...........................-- | ---------.....------.o| --....| |^.| ---..--- |-.| --....| -----.G-- |....-| |..G.@..| --..<.- -.......- ..................... -.....--................. |..... -......h...G........ --... .h.h........|.|.|....- --...........----|.|---.... |......---..| |.- ..... --.....| ---- |. ...... |.. ..| |. ....... --- ..| --- ..|..- .-- ----- -- Schmensch the Acolyte Experience level: 5 Strength: 12 Dexterity: 12 Constitution: 14 Intelligence: 9 Wisdom: 18 Charisma: 11 Health: 0(56) Energy: 53(53) Def: 4 Gold: 164 Moves: 1548 Dungeon seed: qGJBnPnso-8z0RiJ Game ID: Schmensch_1676012600 Your Inventory: Coins $ - 164 gold pieces Weapons l - 2 uncursed +0 orcish daggers o - 4 uncursed +0 darts r - a blessed +1 mace (weapon in hand) x - 3 blessed +1 daggers Armor e - an uncursed +0 robe (being worn) n - an uncursed +0 small shield (being worn) q - an uncursed +0 orcish helm (being worn) Comestibles i - 4 uncursed food rations Scrolls j - an uncursed scroll of amnesia s - 2 uncursed scrolls of identify v - an uncursed scroll of food detection Spellbooks k - an uncursed spellbook of wizard lock Potions b - 4 potions of holy water m - a cursed potion of fruit juice u - a potion of holy water w - a cursed potion of full healing Tools a - an uncursed skeleton key h - an uncursed oil lamp (0:1434) p - 6 uncursed tallow candles (0:200) Gems y - an uncursed worthless piece of red glass Spells and supernatural/magical abilities: Name Level Category Cost Memory l - light 1 divination 12pw 98% n - detect monsters 1 divination 12pw 98% W - pray for help -- divine ? -- X - turn undead -- divine ? -- Your skills at the end: Fighting Skills wands [Basic] Weapon Skills mace [Basic] Spellcasting Skills clerical spells [Basic] Final Attributes: You were piously aligned. Quetzalcoatl was noncommittal. You are dead. Vanquished creatures: a gnome mummy 3 gnome lords a little dog a hobbit 2 giant rats a brown mold a yellow mold 14 gnomes a gecko 6 jackals 3 goblins a sewer rat 2 grid bugs 2 newts 39 creatures vanquished. Voluntary challenges: You were an atheist. You used a wielded weapon 59 times, starting on turn 318. You read items or engraved 2 times, starting on turn 1525. You never genocided any monsters. You never polymorphed an object. You never changed form. You used no wishes. You never split a pudding. You wrote Elbereth's name 2 times, starting on turn 1525. You never violated your personal moral code. Dungeon overview: The Dungeons of Doom: levels 1 to 3 Level 1 a fountain, a vault a long staircase Level 2 a fountain, a vault Level 3 a general store, some fountains, a vault stairs to The Gnomish Mines The Gnomish Mines: levels 4 to 6 Level 4 stairs to The Dungeons of Doom Level 5 Level 6 <- You were here History has recorded: On T:1 you entered the Dungeons of Doom to retrieve the Amulet of Yendor! On T:348 you reached level 2 of The Dungeons of Doom. On T:551 you advanced to experience level 2. On T:681 you reached level 3 of The Dungeons of Doom. On T:1023 you reached level 1 of The Gnomish Mines. On T:1027 you advanced to experience level 3. On T:1265 you advanced to experience level 4. On T:1311 you reached level 2 of The Gnomish Mines. On T:1426 you advanced to experience level 5. On T:1512 you reached level 3 of The Gnomish Mines. Score breakdown: Gold: 164 ( 7543 points) Experience: 5 levels (11141 points) Exploration: 6 levels ( 11.76%) ( 9486 points) Discoveries: 3 items ( 1.00%) ( 2995 points) Valuables value: (no points given unless you survive) Artifact value: 0 ( 0 points) Variety of kills: 14 monsters ( 3.68%) ( 5758 points) Turncount: 1548 turns ( 0 points) Survival: died (score multiplied by 80%) Total score: 29538 Latest messages: You hit the gnome lady! The pony kicks! The pony bites! The gnome lady hits! Where do you want to travel to? Never mind. You hear a chugging sound. You write in the dust with your fingers. You add to the writing in the dust with your fingers. You stop searching. You find a land mine. [2 turns] The gnome lord turns to flee! (3x) The gnome turns to flee! The gnomish wizard casts a spell! The orc shaman turns to flee! The orc shaman casts a spell! The magic missile hits you! You stop searching. The magic missile bounces! The magic missile hits you! [15 turns] The gnome king hits! The gnome lord picks up a spellbook from the floor. The gnome king hits! You die... Final status: Goodbye Schmensch the Priestess, killed by a gnome king... You died in The Gnomish Mines on dungeon level 6 with 29538 points, and 164 pieces of gold, after 1548 moves. You were level 5 with a maximum of 56 hit points when you died.